 Dungeon Crawl Stone Soup version 0.28-a0-1143-gcf6077d4cc (webtiles) character file.

Game seed: 5430758954939188828

11 mcbry74 the Vexing (level 2, 0/15 HPs)
             Began as a Vampire Enchanter on Dec 13, 2021.
             Slain by a jackal (2 damage)
             ... on level 1 of the Dungeon.
             The game lasted 00:04:18 (416 turns).

mcbry74 the Vexing (Vampire Enchanter)               Turns: 416, Time: 00:04:19

Health: 0/15       AC:  2    Str:  7    XL:     2   Next: 13%
Magic:  5/5        EV: 12    Int: 17    God:
Gold:   34         SH:  0    Dex: 14    Spells: 5/5 levels left

rFire   . . .      SeeInvis +   a - +1 dagger
rCold   + + .      Faith    .   (no shield)
rNeg    + + +      Spirit   .   b - +0 robe
rPois   ∞          Reflect  .   (no helmet)
rElec   .          Harm     .   (no cloak)
rCorr   .          Rampage  .   (no gloves)
Will    .....                   (no boots)
Stlth   +++++.....              (no amulet)
HPRegen 0.00/turn               (no ring)
MPRegen 0.09/turn               (no ring)

@: bloodless, inhibited regen
A: bloodless, fangs 3, see invisible, vampiric 1
a: Revivify


You were on level 1 of the Dungeon.
You visited 1 branch of the dungeon, and saw 1 of its levels.

You collected 34 gold pieces.

Inventory:

Hand Weapons
 a - a +1 dagger (weapon)
Armour
 b - a +0 robe (worn)
Scrolls
 d - a scroll of enchant armour {unknown}
 e - 3 scrolls of torment {unknown}
 g - a scroll of amnesia {unknown}
Potions
 c - a potion of invisibility
 f - a potion of flight {unknown}


   Skills:
 + Level 1.6 Short Blades
 - Level 2.1 Dodging
 - Level 4.4 Stealth
 + Level 2.2 Spellcasting
 + Level 4.7 Hexes


You had 5 spell levels left.
You didn't know any spells.
Your spell library contained the following spells:

 Spells                   Type           Power      Damage    Failure   Level
 Confusing Touch          Hex            18%        N/A       8%          3
 Tukima's Dance           Hex            18%        N/A       8%          3
 Ensorcelled Hibernation  Hex/Ice        20%        N/A       11%         2
 Dazzling Flash           Conj/Hex       20%        N/A       22%         3


Dungeon Overview and Level Annotations

Branches:
Dungeon (1/15)

Altars:


Innate Abilities, Weirdness & Mutations

You do not regenerate when monsters are visible.
You are frail without blood (-20% HP).
You can heal yourself when you bite living creatures.
You are immune to poison.
You have razor-sharp teeth.
You have supernaturally acute eyesight. (SInv)
You are afflicted with vampirism.


Message History

The jackal bites you but does no damage.
The jackal barely misses you.
The jackal splashes around in the water.
The jackal misses you.
The jackal splashes around in the water.
You closely miss the jackal. You bite the jackal, but do no damage.
The jackal is severely wounded.
The jackal bites you.
The jackal splashes around in the water.
The jackal bites you.
You completely miss the jackal.
The jackal is severely wounded.
The jackal barely misses you.
The jackal splashes around in the water.
The jackal bites you but does no damage.
The jackal splashes around in the water.
You hit the jackal but do no damage.
The jackal is severely wounded.
The jackal closely misses you. x2; The jackal bites you.
The jackal splashes around in the water.
The jackal barely misses you.
You hit the jackal.
You kill the jackal!
The jackal bites you.
* * * LOW HITPOINT WARNING * * *
The jackal bites you but does no damage.
The bat closely misses you. The bat hits you.
* * * LOW HITPOINT WARNING * * *
The jackal misses you. The jackal bites you.
* * * LOW HITPOINT WARNING * * *
The bat barely misses you.
The jackal splashes around in the water.
The jackal closely misses you.
You hit the jackal but do no damage.
The jackal bites you but does no damage.
You hit the jackal but do no damage.
The jackal bites you but does no damage.
You barely miss the jackal. The jackal misses you. The jackal bites you.
You die...

.# #..
hh.......#>#####.### .#
###
h######.#.≈..≈.≈..≈#### .#
###.≈≈..≈...≈...≈.## .#
##≈≈≈≈≈≈≈≈≈≈≈≈≈≈≈≈≈≈≈ .#
#≈≈≈≈≈≈.≈.≈≈≈≈≈≈≈≈≈≈# .#
#≈##≈...≈≈..≈..≈≈..## #≈≈
##..≈)...≈..≈.#...
###########≈..≈...≈≈.#####
......>..@hh.#########
##############


You could see 2 jackals.

Vanquished Creatures
  2 endoplasms (D:1)
  2 jackals (D:1)
  2 kobolds (D:1)
  A quokka (D:1)
  A frilled lizard (D:1)
  A rat (D:1)
9 creatures vanquished.

Notes
Turn   | Place    | Note
-------+----------+-------------------------------------------
     0 | D:1      | mcbry74 the Vampire Enchanter began the quest for the Orb.
     0 | D:1      | Reached XP level 1. HP: 13/13 MP: 3/3
   321 | D:1      | Reached XP level 2. HP: 12/15 MP: 5/5
   416 | D:1      | Slain by a jackal

Illustrated notes

Levels and vault maps discovered:
D:1:      dpeg_arrival_arbitrary_c, layout_loops_ring, serial_rivers,
          chequers_serial_rivers_micro_a, chequers_serial_rivers_small_b,
          chequers_serial_rivers_micro_a, chequers_serial_rivers_small_3,
          chequers_serial_rivers_large_b, ebering_ecumenical_altar_webs,
          dk_noncrumbling_4

Action                   || total
-------------------------++-------
Melee: Dagger            ||    43
       Bite              ||     4
 Abil: Exsanguinate      ||     1
 Stab: Sleeping          ||     2
Armor: Robe              ||    11
Dodge: Dodged            ||    35

Table legend: (Time is in decaauts)
 A = Elapsed time spent in this place.
 B = Non-inter-level travel time spent in this place.
 C = Inter-level travel time spent in this place.
 D = Time resting spent in this place.
 E = Time spent auto-exploring this place.
 F = Levels seen in this place.
 G = Mean time per level.
                   A        B        C        D        E       F      G
               +--------+--------+--------+--------+--------+-----+--------+
         Total |    414 |    414 |      0 |    198 |     84 |   1 |  414.0 |
       Dungeon |    414 |    414 |      0 |    198 |     84 |   1 |  414.0 |
               +--------+--------+--------+--------+--------+-----+--------+

Top non-repeatable levels by time:
     D:1: 414 daAuts
